 Dungeon Crawl Stone Soup version 0.29.1-15-g9cfb28693d (webtiles) character file.

Game seed: 1059868614970199171

154 Ast3rio the Sneak (level 5, -2/36 HPs)
             Began as an Octopode Brigand on Mar 14, 2023.
             Was an Initiate of Ru.
             Slain by a phantom (6 damage)
             ... on level 5 of the Dungeon.
             The game lasted 00:10:00 (3253 turns).

Ast3rio the Sneak (Octopode Brigand)                Turns: 3253, Time: 00:10:01

Health: -2/36      AC:  1    Str: 12    XL:     5   Next: 35%
Magic:  5/5        EV: 13    Int: 13    God:    Ru [......]
Gold:   165        SH:  0    Dex: 14    Spells: 4/4 levels left

rFire   . . .      SeeInvis .   r - +5 hand axe of Honour {vamp, rElec}
rCold   . . .      Faith    .   (no shield)
rNeg    . . .      Spirit   .   (helmet restricted)
rPois   .          Reflect  .   g - amulet of regeneration
rElec   +          Harm     .   e - ring of willpower
rCorr   .          Rampage  .   (no ring)
Will    +....                   (no ring)
Stlth   ++++......              (no ring)
HPRegen 0.92/turn               (no ring)
MPRegen 0.09/turn               (no ring)
                                (no ring)
                                (no ring)

@: no status effects
A: almost no armour, amphibious, 8 rings, camouflage 1, gelatinous body 1,
(nimble swimmer 1), tentacles
a: Renounce Religion


You were on level 5 of the Dungeon.
You worshipped Ru.
Ru was noncommittal.
You visited 1 branch of the dungeon, and saw 5 of its levels.

You collected 165 gold pieces.

Inventory:

Hand Weapons
 a - a +2 dagger
 r - the +5 hand axe of Honour (weapon) {vamp, rElec}
   (You found it on level 2 of the Dungeon)

   It occasionally heals its wielder for a portion of the damage dealt when it
   wounds a living foe.
   rElec:     It insulates you from electricity.
Missiles
 b - a poisoned dart (quivered)
 c - 2 curare-tipped darts
 s - 3 atropa-tipped darts
Jewellery
 e - a ring of willpower (left tentacle)
 g - an amulet of regeneration (around mantle)
 p - a ring of positive energy
 q - a ring of ice
Scrolls
 h - 3 scrolls of identify {unknown}
 i - a scroll of vulnerability {unknown}
 j - a scroll of blinking {unknown}
 l - 2 scrolls of teleportation {unknown}
 m - a scroll of enchant armour {unknown}
 u - a scroll of brand weapon {unknown}
Potions
 d - 3 potions of heal wounds {unknown}
 f - 3 potions of lignification {unknown}
 k - 5 potions of curing {unknown}
 n - a potion of mutation {unknown}
 o - 3 potions of haste {unknown}
 t - 2 potions of might {unknown}


   Skills:
 * Level 3.2 Fighting
 - Level 2.2 Short Blades
 * Level 1.4 Axes
 * Level 3.3 Throwing
 + Level 1.9 Dodging
 + Level 5.9 Stealth


You had 4 spell levels left.
You didn't know any spells.
Your spell library was empty.

Dungeon Overview and Level Annotations

Branches:
Dungeon (5/15)
 Temple: D:4-7

Altars:
Ashenzari
Kikubaaqudgha
Makhleb
Ru
The Shining One

Shops:
D:5 !


Innate Abilities, Weirdness & Mutations

You cannot wear most types of armour.
You are amphibious.
You can wear up to eight rings at the same time.
Your skin changes colour to match your surroundings (Stealth+).
Your rubbery body absorbs attacks. (AC +1, EV +1)
((You are camouflaged when in or above water. (Stealth+)))
You have tentacles for arms and can constrict up to eight enemies at once.


Message History

Press: ? - help, Q - select action, (/) - cycle Shift-Dir - straight line, f/p - phantom
Aim: a phantom (lightly damaged, 50% to hit)
You throw a poisoned dart. The poisoned dart hits the phantom.
The phantom is lightly damaged.
The phantom hits you!
* * * LOW HITPOINT WARNING * * *
Throw: 6 darts (poison)
Press: ? - help, Q - select action, (/) - cycle Shift-Dir - straight line, f/p - phantom
Aim: a phantom (lightly damaged, 50% to hit)
You throw a poisoned dart.
The poisoned dart barely misses the phantom.
The phantom hits you.
* * * LOW HITPOINT WARNING * * *
Throw: 5 darts (poison)
Press: ? - help, Q - select action, (/) - cycle Shift-Dir - straight line, f/p - phantom
Aim: a phantom (lightly damaged, 50% to hit)
You throw a poisoned dart. The poisoned dart hits the phantom.
The phantom is lightly damaged.
The phantom hits you but does no damage.
Throw: 4 darts (poison)
Press: ? - help, Q - select action, (/) - cycle Shift-Dir - straight line, f/p - phantom
Aim: a phantom (lightly damaged, 50% to hit)
You throw a poisoned dart. The poisoned dart hits the phantom.
The phantom is lightly damaged.
The phantom hits you.
* * * LOW HITPOINT WARNING * * *
The phantom blinks!
You blink.
Throw: 3 darts (poison)
Press: ? - help, Q - select action, (/) - cycle Shift-Dir - straight line, f/p - phantom
Aim: a phantom (lightly damaged, 50% to hit)
You throw a poisoned dart.
The poisoned dart closely misses the phantom.
Unknown command.
Throw: 2 darts (poison)
Press: ? - help, Q - select action, (/) - cycle Shift-Dir - straight line, f/p - phantom
Aim: a phantom (lightly damaged, 50% to hit)
You throw a poisoned dart.
The poisoned dart barely misses the phantom.
The phantom hits you.
You die...

.##...# ####..## .##.#.#
#......# .##.#.#
#.##.#.# ......#
#.#....# ###.######
#.#....# #.......#
#####.#....# #...#.#.#
#........#.#
#.##.##.####.###......#
#.##.(.....(ยง..@##..###
#.#####.####.##W....#
#.).....# #.......##
######### #...(...#
#########


You could see a phantom.

Vanquished Creatures
  A phantom (D:3)
  2 adders
  A worm (D:3)
  3 dart slugs
  8 ball pythons
  An endoplasm (D:3)
  7 giant cockroaches
  7 goblins
  6 hobgoblins
  2 quokkas
  3 bats
  2 frilled lizards (D:1)
  3 kobolds
  A rat (D:3)
47 creatures vanquished.

Vanquished Creatures (others)
  A fungus (D:3)
1 creature vanquished.

Grand Total: 48 creatures vanquished

Notes
Turn   | Place    | Note
-------+----------+-------------------------------------------
     0 | D:1      | Ast3rio the Octopode Brigand began the quest for the Orb.
     0 | D:1      | Reached XP level 1. HP: 14/14 MP: 1/1
    14 | D:1      | Found a faded altar of an unknown god.
   201 | D:1      | Reached XP level 2. HP: 13/19 MP: 2/2
  1346 | D:2      | Reached XP level 3. HP: 21/25 MP: 3/3
  1653 | D:2      | Identified the +5 hand axe of Honour {vamp, rElec}
  2029 | D:3      | Noticed a phantom
  2036 | D:3      | Killed a phantom
  2037 | D:3      | Reached skill level 1 in Axes
  2037 | D:3      | Reached XP level 4. HP: 31/31 MP: 4/4
  2037 | D:3      | Reached XP level 5. HP: 36/36 MP: 5/5
  2290 | D:3      | Found a burning altar of Makhleb.
  2290 | D:3      | Found a glowing golden altar of the Shining One.
  2292 | D:3      | Found an ancient bone altar of Kikubaaqudgha.
  2292 | D:3      | Found a broken altar of Ashenzari.
  2810 | D:3      | Found a sacrificial altar of Ru.
  2817 | D:3      | Became a worshipper of Ru the Awakened
  3177 | D:4      | You fall into a shaft and drop 1 floor!
  3177 | D:5      | Entered Level 5 of the Dungeon
  3187 | D:5      | Found Coseeli's Distillery.
  3234 | D:5      | Noticed a phantom
  3253 | D:5      | Slain by a phantom

Illustrated notes

Levels and vault maps discovered:
D:1:      enne_arrival_octagon_isle, layout_basic,
          nicolae_ecumenical_lake_church, minmay_circled_x
D:2:      layout_loops_cross, nrook_uturn
D:3:      layout_basic, mainiacjoe_overflow_alcove_3,
          nicolae_ru_the_path_less_chosen, st_stairs_8
D:4:      layout_rooms, minmay_temple_entry_gardened_gates, serial_forest,
          infiniplex_forest_clump_double, infiniplex_forest_lined_room_,
          infiniplex_forest_lined_1, infiniplex_forest_lined_2,
          infiniplex_forest_lined_2, infiniplex_forest_lined_corner,
          infiniplex_forest_lined_4_way, infiniplex_forest_clump_large,
          infiniplex_forest_join, infiniplex_forest_zigzag_1,
          minmay_pentomino_pile
D:5:      layout_loops_cross, serial_shops, nicolae_shop_waterfront

Skill      XL: |  1  2  3 |
---------------+----------+-----
Fighting       | 3 |  3.2
Axes           | 1 |  1.4
Throwing       | 3 |  3.3
Short Blades   | |  2.2
Dodging        | |  1.9
Stealth        | |  5.9

Action                   |  1- 3 |  4- 6 || total
-------------------------+-------+-------++-------
Melee: Dagger            |    12 |       ||    12
       Tentacles         |     4 |     2 ||     6
       Constrict         |     3 |     5 ||     8
       Hand axe          |    10 |    29 ||    39
Throw: Dart              |    84 |     7 ||    91
 Stab: Sleeping          |     4 |     6 ||    10
Armor: Skin              |     2 |     1 ||     3
Dodge: Dodged            |    34 |    12 ||    46
